 Dungeon Crawl Stone Soup version 0.29.1-1-gd02db6906a (webtiles) character file.

Game seed: 16028718746262348419

1166 Demigod47 the Basher (level 8, -2/56 (69) HPs)
             Began as a Minotaur Fighter on Oct 11, 2022.
             Slain by a wight
             ... wielding a +3 halberd
              (7 damage)
             ... on level 5 of the Dungeon.
             The game lasted 00:08:21 (3509 turns).

Demigod47 the Basher (Minotaur Fighter)             Turns: 3509, Time: 00:08:21

HP:   -2/56 (69)    AC: 13    Str: 24    XL:     8   Next: 17%
MP:   7/7           EV: 10    Int:  5    God:
Gold: 240           SH:  4    Dex:  9    Spells: 7/7 levels left

rFire   + . .      SeeInvis .   a - +0 flail
rCold   . . .      Faith    .   c - +0 buckler
rNeg    . . .      Spirit   .   x - +4 scale mail
rPois   .          Reflect  .   (helmet restricted)
rElec   .          Harm     .   (no cloak)
rCorr   .          Rampage  .   (no gloves)
Will    .....                   r - +0 pair of boots
Stlth   ..........              k - amulet of regeneration
HPRegen 0.98/turn               t - ring of flight
MPRegen 0.10/turn               y - ring of protection from fire

@: flying, heavily drained
A: horns 2, retaliatory headbutt
a: no special abilities


You were on level 5 of the Dungeon.
You visited 1 branch of the dungeon, and saw 5 of its levels.

You collected 240 gold pieces.

Inventory:

Hand Weapons
 a - a +0 flail (weapon)
Missiles
 m - 3 silver javelins (quivered)
Armour
 b - a +0 scale mail
 c - a +0 buckler (worn)
 r - a +0 pair of boots (worn)
 x - a +4 scale mail (worn)
Jewellery
 k - an amulet of regeneration (around neck)
 t - a ring of flight (left hand)
 y - a ring of protection from fire (right hand)
 z - a ring of wizardry
Wands
 n - a wand of flame (5)
Scrolls
 e - a scroll of enchant weapon {unknown}
 f - a scroll of amnesia {unknown}
 i - a scroll of teleportation
 j - a scroll of brand weapon {unknown}
 l - 3 scrolls of immolation
 o - a scroll of blinking {unknown}
 q - a scroll of acquirement {unknown}
 s - a scroll of silence {unknown}
 u - a scroll of poison {unknown}
 v - a scroll of identify {unknown}
 w - a scroll of enchant armour {unknown}
Potions
 h - 2 potions of curing
 p - a potion of degeneration


   Skills:
 + Level 5.4 Fighting
 * Level 8.6 Maces & Flails
 + Level 6.5 Armour
 + Level 2.1 Dodging
 + Level 0.7 Stealth
 + Level 5.0 Shields


You had 7 spell levels left.
You didn't know any spells.
Your spell library contained the following spells:

 Spells                   Type           Power      Damage    Failure   Level
 Sublimation of Blood     Necr           0%         N/A       93%         2
 Petrify                  Tmut/Erth      0%         N/A       100%        4
 Fireball                 Conj/Fire      0%         3d3       100%        5
 Irradiate                Conj/Tmut      0%         3d11      100%        5
 Starburst                Conj/Fire      0%         6d3       100%        6
 Ignition                 Fire           0%         3d3       100%        8


Dungeon Overview and Level Annotations

Branches:
Dungeon (5/15)
 Temple: D:4-7

Altars:
Fedhas


Innate Abilities, Weirdness & Mutations

You have a pair of horns on your head.
You reflexively headbutt those who attack you in melee.


Message History

The wight splashes around in the water.
Your Shields skill increases to level 5!
Items here: )) [[.
The wight hits you from afar with a +0 trident.
* * * LOW HITPOINT WARNING * * *
The wight hits you but does no damage.
The wight hits you from afar with a +0 trident.
* * * LOW HITPOINT WARNING * * *
The wight closely misses you.
The wight hits you from afar with a +0 trident.
* * * LOW HITPOINT WARNING * * *
You feel drained.
* * * LOW HITPOINT WARNING * * *
You barely miss the wight. The wight hits you with a +3 halberd.
* * * LOW HITPOINT WARNING * * *
You feel drained.
* * * LOW HITPOINT WARNING * * *
The wight closely misses you.
You thump the wight!
The wight is heavily damaged.
The wight hits you but does no damage.
The wight hits you from afar with a +0 trident.
* * * LOW HITPOINT WARNING * * *
You feel drained.
You completely miss the wight.
The wight is heavily damaged.
The wight hits you with a +3 halberd.
* * * LOW HITPOINT WARNING * * *
The wight misses you.
You closely miss the wight. You headbutt the wight.
The wight is heavily damaged.
You block the wight's attack. The wight hits you but does no damage.
You closely miss the wight. Your headbutt misses the wight.
The wight is heavily damaged.
The wight barely misses you. You furiously retaliate!
You headbutt the wight. The wight barely misses you.
You barely miss the wight.
The wight is almost destroyed.
The wight hits you with a +3 halberd!
You die...

#.##......# #~♣~.~~♣# #
#.##.>....# #~♣~.≈~~## #
..##......# #P~~.~~P~## ♣♣♣
####......# #~♣≈~.≈≈~♣~##~♣P~
#......# #~♣~~.~~~♣♣~P♣♣~≈
#......# #P♣P~.~~P♣♣♣♣♣♣~≈
#......# ##♣♣~.P~~~♣♣♣~~~≈ ##
#......#########~~.~~~~~≈P~≈≈≈
~♣♣♣~♣.......Wzz@...~.~~~~~≈~~~~~
~~♣~~~♣)..#########..............
~~~P~~♣...# #...~~~~≈~~≈P~~
≈~≈~~~♣W..# ##~~~~≈~≈≈≈≈~~~
~WP~~~~♣..## #~~~~~≈~≈≈≈P~~
~~~P~~~~♣..## ##~~~~~≈≈~~~P~
~~~~~~~~♣...# ##♣~~~≈≈≈P~♣♣
.......~....# #♣~~PP~♣♣♣
............# #♣~P~~♣


You could see a phantom and 2 wights.

Vanquished Creatures
  A wyvern (D:5)
  A black bear (D:5)
  2 ogres (D:5)
  2 phantoms (D:5)
  A bullfrog (D:4)
  3 wights (D:5)
  A spectral bullfrog (D:5)
  A howler monkey (D:4)
  4 hounds (D:5)
  Natasha (thrice) (D:2)
  An orc wizard (D:5)
  4 adders
  4 worms
  A dart slug (D:2)
  9 orcs
  6 ball pythons
  4 bats
  4 endoplasms
  6 giant cockroaches
  3 goblins
  6 hobgoblins
  2 jackals (D:3)
  2 quokkas
  4 frilled lizards
  5 kobolds
  A rat (D:1)
81 creatures vanquished.

Vanquished Creatures (others)
  36 plants (D:5)
  21 withered plants (D:5)
57 creatures vanquished.

Grand Total: 138 creatures vanquished

Notes
Turn   | Place    | Note
-------+----------+-------------------------------------------
     0 | D:1      | Demigod47 the Minotaur Fighter began the quest for the Orb.
     0 | D:1      | Reached XP level 1. HP: 19/19 MP: 0/0
    64 | D:1      | Reached XP level 2. HP: 25/27 MP: 1/1
   298 | D:1      | Found a faded altar of an unknown god.
   665 | D:2      | Reached XP level 3. HP: 33/33 MP: 2/2
   687 | D:2      | Found a blossoming altar of Fedhas.
   782 | D:2      | Reached skill level 3 in Maces & Flails
   834 | D:2      | Noticed Natasha
   846 | D:2      | Killed Natasha
   877 | D:2      | Noticed Natasha
   885 | D:2      | Killed Natasha
   886 | D:2      | Reached XP level 4. HP: 36/41 MP: 3/3
  1074 | D:2      | Noticed Natasha
  1080 | D:2      | Killed Natasha
  1081 | D:2      | Reached skill level 4 in Maces & Flails
  1442 | D:2      | You fall into a shaft and drop 2 floors!
  1457 | D:4      | Reached XP level 5. HP: 47/47 MP: 4/4
  1892 | D:3      | Reached skill level 1 in Dodging
  2271 | D:4      | Reached skill level 5 in Maces & Flails
  2313 | D:4      | Reached XP level 6. HP: 48/53 MP: 5/5
  2642 | D:4      | Gained mutation: You occasionally lose the ability to drink
                  | potions when taking damage. [potion of mutation]
  2656 | D:5      | Entered Level 5 of the Dungeon
  2661 | D:5      | Lost mutation: You occasionally lose the ability to drink
                  | potions when taking damage. [potion of mutation]
  2661 | D:5      | Gained mutation: You are strong-willed. (Will+) [potion of
                  | mutation]
  2661 | D:5      | Gained mutation: Your mind is acute. (Int +4, Str/Dex -1)
                  | [potion of mutation]
  2661 | D:5      | Gained mutation: You are highly strong-willed. (Will++)
                  | [potion of mutation]
  2695 | D:5      | Noticed a wyvern
  2709 | D:5      | Killed a wyvern
  2710 | D:5      | Reached skill level 6 in Maces & Flails
  2710 | D:5      | Reached skill level 5 in Armour
  2799 | D:5      | Reached XP level 7. HP: 56/60 MP: 6/6
  2840 | D:5      | Reached skill level 7 in Maces & Flails
  2850 | D:5      | Reached skill level 5 in Fighting
  3103 | D:5      | Reached skill level 8 in Maces & Flails
  3106 | D:5      | Lost mutation: You are highly strong-willed. (Will++)
                  | [potion of mutation]
  3106 | D:5      | Lost mutation: You are strong-willed. (Will+) [potion of
                  | mutation]
  3106 | D:5      | Lost mutation: Your mind is acute. (Int +4, Str/Dex -1)
                  | [potion of mutation]
  3361 | D:5      | Found the +4 dagger "Morg" {pain, Will+ Int+5}
  3364 | D:5      | Reached XP level 8. HP: 45/66 MP: 7/7
  3491 | D:5      | Reached skill level 5 in Shields
  3506 | D:5      | HP: 2/56 [wight/+3 halberd (3)]
  3509 | D:5      | Slain by a wight

Illustrated notes

Levels and vault maps discovered:
D:1:      saegor_arrival_simple_b, layout_rooms, nicolae_ecumenical_lake_church
D:2:      minmay_evil_eye, layout_basic, basic_altar, uniq_natasha
D:3:      layout_basic
D:4:      layout_cave_pools, minmay_misc_feat_secret_circle,
          kennysheep_nondescript, serial_bayou_pond_a
D:5:      layout_basic, serial_bayou, serial_bayou_lagoon_b,
          serial_bayou_lake_a, serial_bayou_lagoon_a, serial_bayou_shore_a,
          serial_bayou_ford_a, serial_bayou_pond_d, minivault_1,
          grunt_ministairs_15, dilly_guarded_unrand_morg

Skill      XL: |  1  2  3  4  5  6  7  8 |
---------------+-------------------------+-----
Fighting       | 4 5 |  5.4
Armour         | 4 5 6 |  6.5
Shields        | 4 5 |  5.0
Maces & Flails | 3 4 5 6 8 |  8.6
Dodging        | 1 2 |  2.1
Stealth        | |  0.7

Action                   |  1- 3 |  4- 6 |  7- 9 || total
-------------------------+-------+-------+-------++-------
Melee: Flail             |    69 |   119 |    82 ||   270
       Headbutt          |    11 |    15 |    13 ||    39
  Use: Potion            |       |     5 |     2 ||     7
       Scroll            |       |     4 |     3 ||     7
Armor: Scale mail        |    26 |    90 |    48 ||   164
Dodge: Dodged            |    40 |    67 |    43 ||   150
Block: Buckler           |    15 |    31 |    16 ||    62
